 Dungeon Crawl Stone Soup version 0.22-a0-443-g17c3723 (webtiles) character file.

20 Curus the Changer (level 2, 0/21 HPs)
             Began as a Merfolk Transmuter on June 1, 2018.
             Succumbed to an adder's poison
             ... on level 2 of the Dungeon.
             The game lasted 00:03:33 (750 turns).

Curus the Changer (Merfolk Transmuter)               Turns: 750, Time: 00:03:34

Health: 0/21       AC:  2    Str:  9 (10) XL:     2   Next: 79%
Magic:  4/5        EV: 13    Int:  9 (12) God:
Gold:   62         SH:  0    Dex: 13 (14) Spells: 4/5 levels left

rFire    . . .     SeeInvis .     - Unarmed
rCold    . . .     Gourm    .   (no shield)
rNeg     . . .     Faith    .   b - +0 robe
rPois    .         Spirit   .   (no helmet)
rElec    .         Reflect  .   (no cloak)
rCorr    .         Harm     .   (no gloves)
MR       .....                  (no boots)
Stlth    +.........             (no amulet)
HPRegen  0.07/turn              (no ring)
MPRegen  0.09/turn              (no ring)

@: lethally poisoned (0 -> -8), appendage
A: change form in water, swift swim, stealthy swim, horns 2
a: End Transformation


You were on level 2 of the Dungeon.
You were not hungry.
You had grown temporary horns.
You visited 1 branch of the dungeon, and saw 2 of its levels.

You collected 62 gold pieces.

Inventory:

Missiles
 a - 12 arrows
Armour
 b - a +0 robe (worn)
Scrolls
 c - a scroll of teleportation
 e - a scroll of identify
Comestibles
 d - a ration


   Skills:
 - Level 1.1 Fighting
 - Level 2.6 Dodging
 - Level 3.2 Unarmed Combat
 - Level 2.0 Spellcasting
 + Level 4.3 Transmutations


You had 4 spell levels left.
You knew the following spells:

 Your Spells              Type           Power        Failure   Level  Hunger
a - Beastly Appendage     Tmut           #.....       5%          1    ##.....

Your spell library contained the following spells:

 Spells                   Type           Power        Failure   Level  Hunger
 Spider Form              Tmut/Pois      #.........   38%         3    ####...
 Blade Hands              Tmut           #.........   83%         5    ######.
 Ice Form                 Ice/Tmut       #.......     80%         4    #####..
 Sticks to Snakes         Tmut           #.......     9%          2    ###....


Dungeon Overview and Level Annotations

Branches:
Dungeon (2/15)

Altars:


Innate Abilities, Weirdness & Mutations

You revert to your normal form in water.
You are very nimble and swift while swimming.
You are very stealthy in the water. (Stealth+)
You have a pair of horns on your head.


Message History

Casting: Beastly Appendage (safe; 5% risk of failure)
Confirm with . or Enter, or press ? or * to list all spells.
You grow a pair of large bovine horns.
You feel sick. The adder completely misses you.
You barely miss the adder.
The adder is severely wounded.
The adder completely misses you.
You closely miss the adder.
The adder is severely wounded.
You feel sick. The adder bites you but does no damage.
The adder barely misses you.
You barely miss the adder.
The adder is severely wounded.
The adder bites you.
* * * LOW HITPOINT WARNING * * *
You are more poisoned.
The adder poisons you!
You barely miss the adder.
The adder is severely wounded.
You die...

.......#.##.# ##........##
.......#..#.########........
.......##.........##....#...
###....##.........)....## ..
##.#.##........(†.†#.# #
..#.........).....#...
................##....
#.....##....# ...... ......
#@<..# .....
###..#.S...#....#.##
#...#...#.#..#. #.(
#........# ... ...#.....#
.... .....# ..... ..#..#
...... .##..#


You could see an adder.

Vanquished Creatures
  2 ball pythons
  3 giant cockroaches
  A goblin (D:1)
  2 hobgoblins
  A kobold (D:2)
  5 bats
  3 frilled lizards (D:1)
  2 rats
19 creatures vanquished.

Notes
Turn   | Place    | Note
-------+----------+-------------------------------------------
     0 | D:1      | Curus the Merfolk Transmuter began the quest for the Orb.
     0 | D:1      | Reached XP level 1. HP: 15/15 MP: 3/3
    52 | D:1      | Reached skill level 3 in Transmutations
   146 | D:1      | Reached XP level 2. HP: 15/21 MP: 5/5
   461 | D:1      | Reached skill level 4 in Transmutations
   749 | D:2      | HP: 1/21 [adder (5)]
   750 | D:2      | Succumbed to an adder's poison

Vault maps used:
D:1:      dpeg_arrival_rhombi, minmay_misc_feat_square
D:2:      lightli_temple_of_fire, elyvilon_altar_4

Skill      XL: |  1  2 |
---------------+-------+-----
Transmutations | 3 4 |  4.3
Fighting       | |  1.1
Dodging        | |  2.6
Unarmed Combat | |  3.2
Spellcasting   | |  2.0

Action                   || total
-------------------------++-------
Melee: Unarmed           ||    89
       Headbutt          ||     1
 Cast: Beastly Appendage ||     3
  Use: Scroll            ||     5
       Potion            ||     1
 Stab: Sleeping          ||     1
Armor: Robe              ||    34
Dodge: Dodged            ||    78

Table legend:
 A = Spawn XP
 B = Non-spawn XP
 C = Spawn XP percentage of total XP
 D = Spawn monster count
 E = Non-spawn monster count
 F = Spawn count percentage of total count
 G = Total turns spent on level
                    A         B        C        D         E        F      G
               +---------+---------+-------+---------+---------+-------+---------
         Total |       0 |      29 |   0.0 |       0 |      19 |   0.0 |   750
               +---------+---------+-------+---------+---------+-------+---------
           D:1 |       0 |      18 |   0.0 |       0 |      13 |   0.0 |   626
           D:2 |       0 |      11 |   0.0 |       0 |       6 |   0.0 |   124
               +---------+---------+-------+---------+---------+-------+---------
